 Dungeon Crawl Stone Soup version 0.28.0-43-g3370ac3207 (webtiles) character file.

Game seed: 8743400934748615669

12 pkoi the Gusty (level 2, -6/20 HPs)
             Began as a Draconian Air Elementalist on Mar 3, 2022.
             Mangled by a gnoll
             ... wielding a +3 flail
              (7 damage)
             ... on level 1 of the Dungeon.
             The game lasted 00:00:55 (401 turns).

pkoi the Gusty (Draconian Air Elementalist)          Turns: 401, Time: 00:00:55

Health: -6/20      AC:  4    Str: 10    XL:     2   Next: 20%
Magic:  1/5        EV: 12    Int: 15    God:
Gold:   21         SH:  0    Dex: 11    Spells: 4/5 levels left

rFire   . . .      SeeInvis .   a - +0 club
rCold   . . .      Faith    .   (no shield)
rNeg    . . .      Spirit   .   (armour unavailable)
rPois   .          Reflect  .   (helmet restricted)
rElec   .          Harm     .   (no cloak)
rCorr   .          Rampage  .   (no gloves)
Will    .....                   (no boots)
Stlth   ++........              (no amulet)
HPRegen 0.06/turn               (no ring)
MPRegen 0.09/turn               (no ring)

@: no status effects
A: AC +4, unfitting armour, cold-blooded
a: no special abilities


You were on level 1 of the Dungeon.
You visited 1 branch of the dungeon, and saw 1 of its levels.

You collected 21 gold pieces.

Inventory:

Hand Weapons
 a - a +0 club (weapon)
Scrolls
 b - a scroll of immolation {unknown}
 e - a scroll of brand weapon {unknown}
Potions
 c - a potion of might {unknown}
 d - a potion of mutation {unknown}


   Skills:
 - Level 1.7 Dodging
 - Level 1.7 Stealth
 + Level 2.1 Spellcasting
 * Level 1.6 Conjurations
 * Level 3.2 Air Magic


You had 4 spell levels left.
You knew the following spells:

 Your Spells              Type           Power      Damage    Failure   Level
a - Shock                 Conj/Air       32%        1d5       9%          1

Your spell library contained the following spells:

 Spells                   Type           Power      Damage    Failure   Level
 Static Discharge         Conj/Air       8%         N/A       12%         2
 Swiftness                Air            11%        N/A       17%         3
 Airstrike                Air            5%         N/A       50%         4


Dungeon Overview and Level Annotations

Branches:
Dungeon (1/15)

Altars:


Innate Abilities, Weirdness & Mutations

Your plain brown scales are hard. (AC +4)
You cannot fit into any form of body armour.
You are cold-blooded and may be slowed by cold attacks.


Message History

A gnoll comes into view. It is wielding a +3 flail.
Found a coppery potion and a club.
A gnoll is nearby!
A gnoll is nearby!
The zap hits the gnoll.
The gnoll is lightly wounded.
The zap hits the gnoll.
The gnoll is moderately wounded.
The zap hits the gnoll.
The gnoll is severely wounded.
The zap hits the gnoll.
The gnoll is almost dead.
The zap hits the gnoll.
The gnoll is almost dead.
You are too depleted to draw on your mana recklessly!
You hit the gnoll but do no damage.
The gnoll is almost dead.
The gnoll closely misses you.
You barely miss the gnoll.
The gnoll is almost dead.
The gnoll hits you with a +3 flail.
* * * LOW HITPOINT WARNING * * *
Aiming: Shock (safe; 9% risk of failure)
Press: ? - help, Q - select action Shift-Dir - straight line, f/p - gnoll
Aim: a gnoll, wielding a +3 flail (almost dead, 72% to hit)
The zap misses the gnoll.
The gnoll hits you with a +3 flail!
Ouch! That really hurt!
* * * LOW HITPOINT WARNING * * *
Aiming: Shock (safe; 9% risk of failure)
Press: ? - help, Q - select action Shift-Dir - straight line, f/p - gnoll
Aim: a gnoll, wielding a +3 flail (almost dead, 72% to hit)
You miscast Shock.
You are very lightly contaminated with residual magic.
Nothing appears to happen.
The gnoll hits you with a +3 flail.
* * * LOW HITPOINT WARNING * * *
Your magical contamination has completely faded away.
The gnoll hits you with a +3 flail!
You die...

##.....#...[.##
####..≈.......≈..##
#####.#..≈♣≈.....≈.≈..#
#.....#.≈♣⌠♣≈≈≈≈≈.⌠.≈.#
..###....≈♣........≈..#
#######[..≈...<...≈...#
###......≈♣.......♣≈..#
....###.≈♣⌠♣≈≈≈≈≈♣⌠♣≈.#
########.≈♣≈....@≈♣≈.##
.#.....##.≈....g..≈.##
........###...#######
.........##.....#
.............#..#
.........####..##
.........# .##
.........# ##
........##.


You could see a gnoll.

Vanquished Creatures
  A dart slug (D:1)
  2 endoplasms (D:1)
  A giant cockroach (D:1)
  A goblin (D:1)
  3 hobgoblins (D:1)
  2 toadstools (D:1)
10 creatures vanquished.

Vanquished Creatures (others)
  2 toadstools (D:1)
2 creatures vanquished.

Grand Total: 12 creatures vanquished

Notes
Turn   | Place    | Note
-------+----------+-------------------------------------------
     0 | D:1      | pkoi the Draconian Air Elementalist began the quest for the
                  | Orb.
     0 | D:1      | Reached XP level 1. HP: 14/14 MP: 3/3
   197 | D:1      | Reached XP level 2. HP: 18/20 MP: 0/5
   379 | D:1      | HP: 1/20 [gnoll/+3 flail (13)]
   390 | D:1      | HP: 1/20 [gnoll/+3 flail (1)]
   401 | D:1      | Mangled by a gnoll

Illustrated notes

Levels and vault maps discovered:
D:1:      ldierk_water_garden, layout_rooms, minivault_19

Action                   || total
-------------------------++-------
Melee: Unarmed           ||     8
       Tailslap          ||     3
       Club              ||     8
 Cast: Shock             ||    22
Armor: Skin              ||     2
Dodge: Dodged            ||     8
